 Dungeon Crawl Stone Soup version 0.16-a0-3253-g5709529 (webtiles) character file.

40 Kemay the Insei (level 3, -7/23 HPs)
             Began as an Octopode Transmuter on Dec 23, 2014.
             Mangled by Terence
             ... wielding a +0 trident
              (8 damage)
             ... on level 2 of the Dungeon.
             The game lasted 00:03:20 (1659 turns).

Kemay the Insei (Octopode Transmuter)               Turns: 1659, Time: 00:03:20

Health: -7/23      AC:  1    Str:  9    XL:     3   Next: 50%
Magic:  6/6        EV: 12    Int: 16    God:
Gold:   62         SH:  0    Dex: 12    Spells: 1 memorised, 5 levels left

rFire  . . .     SeeInvis .       - Unarmed
rCold  . . .     Clarity  .     (no shield)
rNeg   . . .     SustAb   .     (helmet restricted)
rPois  .         Gourm    .     (no amulet)
rElec  .         Spirit   .     (no ring)
rCorr  .         Warding  .     (no ring)
rMut   .         Stasis   .     (no ring)
MR     .....                    (no ring)
Stlth  ++........               (no ring)
                                (no ring)
                                (no ring)
                                (no ring)

@: not resistant to hostile enchantments, unstealthy
A: almost no armour, amphibious, 8 rings, constrict 8, camouflage 1, gelatinous
body 1
a: no special abilities


You were on level 2 of the Dungeon.
You were not hungry.

You visited 1 branch of the dungeon, and saw 2 of its levels.

You collected 62 gold pieces.

Inventory:

Scrolls
 f - a scroll of identify
Potions
 h - 4 potions of haste
Books
 d - a book of Changes

   Spells                             Type                      Level
   a - Beastly Appendage              Transmutation                1
   b - Sticks to Snakes               Transmutation                2
   c - Spider Form                    Transmutation/Poison         3
   d - Ice Form                       Ice/Transmutation            4
   e - Blade Hands                    Transmutation                5
Comestibles
 a - a bread ration
 b - 5 chunks of flesh


   Skills:
 - Level 1.0 Fighting
 + Level 2.3 Dodging
 * Level 4.2 Unarmed Combat
 - Level 2.0 Spellcasting
 - Level 2.0 Transmutations


You had 5 spell levels left.
You knew the following spells:

 Your Spells              Type           Power        Failure   Level  Hunger
a - Beastly Appendage     Trmt           #.....       10%         1    #......


Dungeon Overview and Level Annotations

Branches:
Dungeon (2/15)

Altars:

Annotations:
D:2 Terence


Innate Abilities, Weirdness & Mutations

You cannot wear most types of armour.
You are amphibious.
You can wear up to eight rings at the same time.
You can use your tentacles to constrict many enemies at once.
Your skin changes colour to match your surroundings (Stealth).
Your rubbery body absorbs attacks (AC +1).


Message History

You constrict Terence, but do no damage.
Terence closely misses you.
Some of the chunks of flesh in your inventory have rotted away.
You tentacle-slap Terence.
You pierce Terence, but do no damage.
Terence is moderately wounded.
You constrict Terence, but do no damage.
Terence hits you with a trident.
* * * LOW HITPOINT WARNING * * *
You tentacle-slap Terence.
You pierce Terence, but do no damage.
You squeeze Terence!
Terence is almost dead.
You constrict Terence, but do no damage.
You tentacle-slap Terence but do no damage.
Terence is almost dead.
Your tentacle spike disappears.
You constrict Terence, but do no damage.
Terence drinks a potion.
Terence is healed!
You completely miss Terence. You constrict Terence.
Terence hits you with a trident!
You die...

. ############ #.
#...........# ..
#.#####.....# .## #.#
#.....# ..####.###
#.....## #
#.#......###.......
.....##.#.##.#...'......#
....>...@....#..##......#
....###+#@...#..#.......#
.........##.#.รท...
.........##.####.# . .
.........##......# ....#
.........######..# ....#
...........[?.....# ....#
..........#####.# ....#
..........# #.#


You could see Terence.

Vanquished Creatures
  An adder (D:2)
  3 giant geckos (D:1)
  8 bats
  2 giant cockroaches (D:2)
  5 goblins (D:1)
  3 hobgoblins (D:1)
  A kobold (D:1)
  5 rats (D:1)
28 creatures vanquished.

Vanquished Creatures (others)
  A hobgoblin (D:1)
1 creature vanquished.

Grand Total: 29 creatures vanquished

Notes
Turn   | Place    | Note
--------------------------------------------------------------
     0 | D:1      | Kemay, the Octopode Transmuter, began the quest for the Orb.
     0 | D:1      | Reached XP level 1. HP: 13/13 MP: 3/3
   216 | D:1      | Reached XP level 2. HP: 2/18 MP: 4/4
  1425 | D:1      | Reached XP level 3. HP: 23/23 MP: 6/6
  1471 | D:2      | Reached skill level 4 in Unarmed Combat
  1645 | D:2      | Noticed Terence
  1656 | D:2      | HP: 1/23 [Terence/trident (5)]
  1659 | D:2      | Mangled by Terence

Action                   || total
-------------------------++-------
Melee: Unarmed           ||    70
 Cast: Beastly Appendage ||     8
 Abil: End Transformatio ||     4
  Use: Scroll            ||     5
 Stab: Sleeping          ||     2
  Eat: Chunk             ||     2
